 Dungeon Crawl Stone Soup version 0.24.0-1-gfbc8707 (webtiles) character file.

Game seed: 6776327921915157695, levelgen mode: deterministic

35 Buxparty the Skirmisher (level 3, 0/30 HPs)
             Began as a Mummy Wanderer on Jan 8, 2020.
             Slain by a jackal (2 damage)
             ... on level 2 of the Dungeon.
             The game lasted 00:02:47 (1084 turns).

Buxparty the Skirmisher (Mummy Wanderer)            Turns: 1084, Time: 00:02:48

Health: 0/30       AC:  3    Str: 19    XL:     3   Next: 16%
Magic:  3/3        EV: 11    Int:  8    God:
Gold:   68         SH:  0    Dex: 11    Spells: 2/2 levels left

rFire    x . .     SeeInvis .   n - +0 spear
rCold    + . .     Gourm    .   (no shield)
rNeg     + + +     Faith    .   d - +0 robe
rPois    ∞         Spirit   .   (no helmet)
rElec    .         Reflect  .   k - scarf {cloud immunity}
rCorr    .         Harm     .   (no gloves)
MR       .....                  l - +0 pair of boots
Stlth    +.........             (no amulet)
HPRegen  0.10/turn              (no ring)
MPRegen  0.08/turn              (no ring)

@: no status effects
A: no food or potions, fire vulnerability, cold resistance 1, negative energy
resistance 3, torment resistance, unbreathing
a: no special abilities


You were on level 2 of the Dungeon.
You were not hungry.

You visited 1 branch of the dungeon, and saw 2 of its levels.

You collected 68 gold pieces.

Inventory:

Hand Weapons
 a - a +2 hand crossbow
 n - a +0 spear (weapon)
Missiles
 j - 20 poisoned darts (quivered)
Armour
 d - a +0 robe (worn)
 k - a scarf of cloud immunity (worn)
 l - a +0 pair of boots (worn)
Scrolls
 c - 3 scrolls of teleportation
 e - 3 scrolls of identify {unknown}
 f - a scroll of blinking {unknown}
 g - a scroll of immolation {unknown}
 h - a scroll of enchant weapon {unknown}
 i - 2 scrolls of magic mapping {unknown}
 m - a scroll of fog {unknown}


   Skills:
 + Level 4.2 Fighting
 * Level 2.4 Crossbows
 - Level 1.5 Throwing
 + Level 1.4 Armour
 - Level 1.0 Stealth


You had 2 spell levels left.
You didn't know any spells.
Your spell library was empty.

Dungeon Overview and Level Annotations

Branches:
Dungeon (2/15)

Altars:
Yredelemnul


Innate Abilities, Weirdness & Mutations

You do not eat or drink.
Your flesh is vulnerable to fire.
You are immune to poison.
Your flesh is cold resistant. (rC+)
You are immune to negative energy. (rN+++)
You are immune to unholy pain and torment.
You can survive without breathing.


Message History

The jackal closely misses you.
Throwing (i - inventory)
j - 21 poisoned darts (quivered)
Press: ? - help, Shift-Dir - straight line, f/p - worm
Aim: a worm (severely wounded, poisoned)
You throw a poisoned dart. The poisoned dart hits the worm.
The worm looks even sicker.
The worm is severely wounded.
The jackal bites you. The worm bites you.
You are too injured to fight recklessly!
n - a +0 spear (weapon)
The jackal bites you.
You hit the worm.
The worm is severely wounded.
The jackal bites you. The worm bites you!
* * * LOW HITPOINT WARNING * * *
The jackal barely misses you.
You hit the worm but do no damage.
The worm is almost dead.
The jackal bites you.
You die...

#.###.##.........
#.#......!.#....# .
#............##.. ..
#................ ..(
#.....<....#####. (..(.
#........^.# #. ......
#..........#####.
......##..........##....
(...!(w@.............###
......)h.........#..####
....................##..
######........<.........
... ##.<.........#.####
.8.. #.............#...
...oo#.................
...oo#.................
....o#.$#..............


You could see a worm and a jackal.

Vanquished Creatures
  An ooze (D:1)
  4 bats
  3 giant cockroaches
  5 hobgoblins
  3 jackals (D:2)
  A frilled lizard (D:1)
  3 goblins (D:1)
  4 kobolds
  5 rats (D:1)
29 creatures vanquished.

Notes
Turn   | Place    | Note
-------+----------+-------------------------------------------
     0 | D:1      | Buxparty the Mummy Wanderer began the quest for the Orb.
     0 | D:1      | Buxparty set off with the following items: a +2 hand
                  | crossbow, 22 bolts, 2 scrolls of teleportation, a +0 robe
     0 | D:1      | Reached XP level 1. HP: 19/19 MP: 1/1
   336 | D:1      | Reached XP level 2. HP: 25/25 MP: 2/2
   897 | D:2      | Found a basalt altar of Yredelemnul.
   959 | D:2      | Reached XP level 3. HP: 30/30 MP: 3/3
  1084 | D:2      | Slain by a jackal

Levels and vault maps discovered:
D:1:      wander_arrival_estate, layout_loops_corners
D:2:      cheibrodos_pilgrimage, layout_rooms, old_standard_altar

Skill      XL: |  1 |
---------------+----+-----
Crossbows      | 2 |  2.4
Fighting       | |  4.2
Throwing       | |  1.5
Armour         | |  1.4
Stealth        | |  1.0

Action                   || total
-------------------------++-------
Melee: Spear             ||     2
 Fire: Hand crossbow     ||    60
Throw: Dart              ||     3
Armor: Robe              ||     5
Dodge: Dodged            ||    18
